 Dungeon Crawl Stone Soup version 0.29.0-4-gdea44cf6ec (webtiles) character file.

Game seed: 1580401703221125423

48 qw the Chopper (level 3, -1/21 HPs)
             Began as a Tengu Warper on Aug 28, 2022.
             Slain by a gnoll
             ... wielding a +0 flail
              (6 damage)
             ... on level 3 of the Dungeon.
             The game lasted 00:00:09 (1867 turns).

qw the Chopper (Tengu Warper)                       Turns: 1867, Time: 00:00:10

Health: -1/21      AC: 10    Str: 13    XL:     3   Next: 72%
Magic:  7/7        EV:  3    Int: 13    God:
Gold:   31         SH:  0    Dex: 13    Spells: 6/6 levels left

rFire   . . .      SeeInvis .   Y - +0 war axe
rCold   . . .      Faith    .   (no shield)
rNeg    . . .      Spirit   .   i - +0 plate armour
rPois   +          Reflect  .   (helmet restricted)
rElec   .          Harm     .   (no cloak)
rCorr   .          Rampage  .   (no gloves)
Will    .....                   (boots unavailable)
Stlth   ..........              (no amulet)
HPRegen 0.07/turn               k - ring of poison resistance
MPRegen 0.10/turn               (no ring)

@: no status effects
A: beak, talons 3
a: no special abilities


You were on level 3 of the Dungeon.
You visited 1 branch of the dungeon, and saw 3 of its levels.

You collected 155 gold pieces.
You spent 124 gold pieces at shops.


Innate Abilities, Weirdness & Mutations

You have a beak for a mouth.
You have claws for feet.


   Skills:
 - Level 2.0 Fighting
 - Level 4.2 Axes
 - Level 1.0 Throwing
 + Level 1.3 Armour
 - Level 2.1 Dodging
 - Level 2.0 Spellcasting
 - Level 2.4 Translocations


You had 6 spell levels left.
You didn't know any spells.
Your spell library contained the following spells:

 Spells                   Type           Power      Damage    Failure   Level
 Blink                    Tloc           14%        N/A       100%        2
 Gell's Gravitas          Tloc           7%         N/A       100%        3
 Lesser Beckoning         Tloc           7%         N/A       100%        3
 Teleport Other           Tloc           7%         N/A       100%        3
 Manifold Assault         Tloc           7%         N/A       100%        5

Inventory:

Hand Weapons
 j - a +0 whip
 Y - a +0 war axe (weapon)
Armour
 i - a +0 plate armour (worn)
Jewellery
 k - a ring of poison resistance (left hand)
Scrolls
 b - 2 scrolls of teleportation
 g - a scroll of identify
Potions
 e - a potion of mutation
 h - a potion of haste
 l - a potion of magic {unknown}
 m - a potion of heal wounds {unknown}

Dungeon Overview and Level Annotations

Branches:
Dungeon (3/15)

Altars:
Nemelex Xobeh

Shops:
D:2 [


Message History

The quokka bites you but does no damage. x2
You slash the quokka!
You kill the quokka!
1820 ||| STAIRDANCE You climb upwards.
There is a stone staircase leading down here.
You start resting.
HP restored.
Done exploring.
(D) Dungeon
Where to? (* - list waypoints, Enter - D:3, ? - help)
What level of the Dungeon? (default 1, ? - help)
You climb downwards.
You hear the sound of rushing water.
There is an entrance to a sewer on this level.
Hurry and find it before the portal rusts away!
You hear the rusting of a very distant drain.
There is a stone staircase leading up here.
A ball python comes into view.
The ball python hisses angrily.
A gnoll comes into view. It is wielding a +0 flail.
The gnoll shouts!
A gnoll comes into view. It is wielding a +0 flail.
The gnoll shouts!
You hear a shout!
You barely miss the ball python. The ball python bites you.
The ball python grabs you. The ball python constricts you.
The ball python bites you. The ball python constricts you.
You barely miss the ball python. You peck the ball python.
You kill the ball python!
You barely miss the gnoll. You claw the gnoll!
The gnoll is heavily wounded.
A gnoll comes into view. It is wielding a +0 spear.
The gnoll barely misses you.
The gnoll shouts!
You hit the gnoll. You claw the gnoll, but do no damage.
You peck the gnoll, but do no damage.
The gnoll is severely wounded.
You hit the gnoll but do no damage. The gnoll hits you with a +0 flail!
The gnoll hits you with a +0 flail. x3
You die...

...........#.###
....?...........#
............#....
...............
.............#
.............+
.........<.#.#
............#
..>....@....#
......gg#..##
....$.....##
..#..#....# .
#..#....# #.
.g..## # ....##
....#


You could see 3 gnolls.

Vanquished Creatures
  An adder (D:2)
  2 dart slugs
  2 giant cockroaches
  3 goblins
  A hobgoblin (D:1)
  6 jackals (D:1)
  5 quokkas
  3 ball pythons
  6 bats
  A kobold (D:1)
  A rat (D:1)
31 creatures vanquished.

Vanquished Creatures (others)
  2 plants (D:1)
2 creatures vanquished.

Grand Total: 33 creatures vanquished

Notes
Turn   | Place    | Note
-------+----------+-------------------------------------------
     0 | D:1      | qw the Tengu Warper began the quest for the Orb.
     0 | D:1      | Reached XP level 1. HP: 12/12 MP: 4/4
     0 | D:1      | 0 ||| qw: Version: 0.1-a-89-g26bdef1
     0 | D:1      | 0 ||| qw: Game counter: 3270
     0 | D:1      | 0 ||| qw: Always use a shield: true
     0 | D:1      | 0 ||| qw: God list: Okawaru
     0 | D:1      | 0 ||| qw: Allow faded altars: false
     0 | D:1      | 0 ||| qw: Do Orc after D:15 true
     0 | D:1      | 0 ||| qw: Do second Lair branch before Depths: true
     0 | D:1      | 0 ||| qw: Lair rune preference: random
     0 | D:1      | 0 ||| qw: Plans: Normal
     0 | D:1      | 0 ||| PLANNING D:1-11
    63 | D:1      | Found a faded altar of an unknown god.
   116 | D:1      | 116 ||| Stepping ~*~*~tactically~*~*~ (stealth).
   123 | D:1      | Reached XP level 2. HP: 7/17 MP: 6/6
   124 | D:1      | Reached skill level 3 in Axes
   125 | D:1      | HP: 4/17 [jackal (1)]
   532 | D:1      | 532 ||| Stepping ~*~*~tactically~*~*~ (stealth).
   534 | D:1      | 534 ||| Stepping ~*~*~tactically~*~*~ (stealth).
   536 | D:1      | 536 ||| Stepping ~*~*~tactically~*~*~ (stealth).
   538 | D:1      | 538 ||| Stepping ~*~*~tactically~*~*~ (stealth).
   578 | D:1      | 578 ||| SWAPPING to +0 war axe.
   619 | D:1      | 619 ||| DROPPING +0 hand axe.
   806 | D:1      | 806 ||| DROPPING +0 club.
  1049 | D:1      | 1049 ||| UPGRADING to +0 ring mail.
  1059 | D:1      | 1059 ||| DROPPING +0 leather armour.
  1060 | D:1      | 1060 ||| UPGRADING to ring of poison resistance.
  1061 | D:1      | 1061 ||| READING scroll labelled DEIHOU QERGHOA.
  1062 | D:1      | 1062 ||| READING scroll labelled MUIBUM REGH.
  1067 | D:1      | 1067 ||| READING scroll labelled BAERUUXZAOMA.
  1068 | D:1      | 1068 ||| READING scroll labelled QUF YM HUTSUTOF.
  1069 | D:1      | 1069 ||| DRINKING 2 white potions.
  1070 | D:1      | 1070 ||| DROPPING scroll of blinking.
  1091 | D:2      | Reached XP level 3. HP: 17/21 MP: 7/7
  1182 | D:2      | Identified the +1 helmet of Depression {-Tele Dex+6}
  1185 | D:2      | Found a sparkling altar of Nemelex Xobeh.
  1342 | D:2      | Reached skill level 4 in Axes
  1427 | D:2      | Found Ytibb's Antique Armour Shop.
  1476 | D:2      | 1476 ||| SHOPLISTING chain mail (139 gold, have 126).
  1476 | D:2      | 1476 ||| SHOPLISTING pair of runed gloves (232 gold, have
                  | 126).
  1476 | D:2      | 1476 ||| SHOPLISTING runed scale mail (217 gold, have 126).
  1476 | D:2      | 1476 ||| BUYING scale mail (124 gold).
  1476 | D:2      | Bought a scale mail for 124 gold pieces
  1476 | D:2      | 1476 ||| SHOPLISTING shiny orb (372 gold, have 2).
  1675 | D:2      | 1675 ||| UPGRADING to +0 scale mail.
  1685 | D:2      | 1685 ||| DROPPING +0 ring mail.
  1686 | D:2      | 1686 ||| UPGRADING to +0 plate armour.
  1696 | D:2      | 1696 ||| DROPPING +0 scale mail.
  1697 | D:2      | 1697 ||| READING scroll labelled RIOSTR QOOKET.
  1698 | D:2      | 1698 ||| READING 3 scrolls of identify.
  1698 | D:2      | 1698 ||| IDENTIFYING silvery potion
  1699 | D:2      | 1699 ||| READING 2 scrolls of identify.
  1699 | D:2      | 1699 ||| IDENTIFYING lumpy clear potion
  1700 | D:2      | 1700 ||| DROPPING potion of degeneration.
  1725 | D:3      | 1725 ||| PLANNING SEWER
  1725 | D:3      | 1725 ||| STAIRDANCE
  1820 | D:3      | 1820 ||| STAIRDANCE
  1867 | D:3      | HP: 5/21 [gnoll/+0 flail (2)]
  1867 | D:3      | Slain by a gnoll

Levels and vault maps discovered:
D:1:      ebering_trefoil_3fold, layout_basic, serial_forest,
          infiniplex_forest_lined_3_way, infiniplex_forest_zigzag_1,
          infiniplex_forest_straight_3, infiniplex_forest_clump_small,
          infiniplex_forest_clump_small, infiniplex_forest_clump_curved,
          infiniplex_forest_corner_2, hellmonk_ecumenical_altar_dog_temple,
          nicolae_figureground_sparkle
D:2:      layout_basic, basic_altar, serial_shops, nicolae_shop_statue_plus
D:3:      layout_basic, okawaru_altar_gauntlet_db,
          chequers_temple_overflow_minitemple, lightli_sewer_entry_pipes,
          gammafunk_ghost_cemetery, dk_noncrumbling_2, grunt_decor_one_mirror,
          chequers_hall_statues_wall_a, hangedman_decor_lopped,
          minmay_misc_feat_columns, serial_bayou_pond_d, uniq_sigmund

Skill      XL: |  1  2  3 |
---------------+----------+-----
Axes           | 3 4 |  4.2
Fighting       | |  2.0
Throwing       | |  1.0
Armour         | |  1.3
Dodging        | |  2.1
Spellcasting   | |  2.0
Translocations | |  2.4

Action                   || total
-------------------------++-------
Melee: Hand axe          ||    22
       Kick              ||    19
       Peck              ||     7
       War axe           ||    46
       Punch             ||     1
Throw: Boomerang         ||     7
  Use: Scroll            ||     7
       Potion            ||     1
Armor: Leather armour    ||    10
       Ring mail         ||     8
       Plate armour      ||     7
Dodge: Dodged            ||    31

Table legend:
 A = Non-vault XP
 B = Vault XP
 C = Vault XP percentage of total XP
 D = Non-vault monster count
 E = Vault monster count
 F = Vault count percentage of total count
                 A         B        C        D         E       F
            +---------+---------+-------+---------+---------+-------
      Total |      65 |       4 |   5.8 |      29 |       2 |   6.5
            +---------+---------+-------+---------+---------+-------
        D:1 |      26 |       4 |  13.3 |      14 |       2 |  12.5
        D:2 |      34 |       0 |   0.0 |      12 |       0 |   0.0
        D:3 |       5 |       0 |   0.0 |       3 |       0 |   0.0
            +---------+---------+-------+---------+---------+-------
